 Dungeon Crawl Stone Soup version 0.29.1-2-gbd0b4ee654 (webtiles) character file.

Game seed: 1190234628533602100

23 styxcanada the Sneak (level 2, 0/14 HPs)
             Began as a Spriggan Brigand on Nov 28, 2022.
             Succumbed to an adder's poison
             ... on level 2 of the Dungeon.
             The game lasted 00:03:04 (1146 turns).

styxcanada the Sneak (Spriggan Brigand)             Turns: 1146, Time: 00:03:05

Health: 0/14       AC:  3    Str: 13    XL:     2   Next: 75%
Magic:  3/3        EV: 17    Int: 12    God:
Gold:   16         SH:  0    Dex: 16    Spells: 1/1 levels left

rFire   + . .      SeeInvis +   a - +2 dagger
rCold   . . .      Faith    .   (no shield)
rNeg    . . .      Spirit   .   b - +0 robe
rPois   .          Reflect  .   (helmet restricted)
rElec   .          Harm     .   c - +0 cloak
rCorr   .          Rampage  .   (gloves unavailable)
Will    .....                   (boots unavailable)
Stlth   ++++......              (no amulet)
HPRegen 0.04/turn               p - ring of protection from fire
MPRegen 0.08/turn               q - +6 ring of strength

@: lethally poisoned (0 -> -5), very quick
A: very small, no large weapons, unfitting armour, see invisible, speed 3
a: no special abilities


You were on level 2 of the Dungeon.
You visited 1 branch of the dungeon, and saw 2 of its levels.

You collected 16 gold pieces.

Inventory:

Hand Weapons
 a - a +2 dagger (weapon)
Missiles
 d - 9 poisoned darts (quivered)
 e - 3 curare-tipped darts
 g - 20 stones
 k - 3 boomerangs
Armour
 b - a +0 robe (worn)
 c - a +0 cloak (worn)
Jewellery
 p - a ring of protection from fire (left hand)
 q - a +6 ring of strength (right hand)
Scrolls
 n - 2 scrolls of identify {unknown}
 o - 2 scrolls of vulnerability {unknown}
Potions
 f - a potion of curing {unknown}
 h - 3 potions of lignification {unknown}
 i - a potion of haste {unknown}
 j - a potion of invisibility {unknown}
 l - a potion of flight {unknown}
 m - a potion of brilliance {unknown}


   Skills:
 * Level 1.5 Fighting
 + Level 2.2 Short Blades
 + Level 2.0 Throwing
 * Level 2.3 Dodging
 * Level 6.9 Stealth


You had one spell level left.
You didn't know any spells.
Your spell library was empty.

Dungeon Overview and Level Annotations

Branches:
Dungeon (2/15)

Altars:


Innate Abilities, Weirdness & Mutations

You are very small and have problems with some larger weapons.
You are too small for most types of armour.
You have supernaturally acute eyesight. (SInv)
You cover ground extremely quickly. (Speed+++)


Message History

The bat completely misses you. x2
You closely miss the bat.
The bat is severely wounded.
The bat barely misses you.
You closely miss the bat.
The bat is severely wounded.
The bat hits you. The bat closely misses you.
You miss the bat.
The bat is severely wounded.
The bat misses you. The bat hits you but does no damage.
You completely miss the bat.
The bat is moderately wounded.
The bat barely misses you. The bat completely misses you.
You hit the bat.
You kill the bat!
The adder misses you.
You hit the adder but do no damage.
The adder is moderately wounded.
The adder misses you. The kobold completely misses you.
You closely miss the kobold. The kobold barely misses you.
The adder bites you but does no damage.
You hit the kobold.
The kobold is heavily wounded.
The adder barely misses you. The kobold misses you.
You closely miss the kobold.
The kobold is heavily wounded.
The adder bites you.
You are poisoned.
The adder poisons you! The kobold hits you with a +0 dagger.
You hit the kobold but do no damage.
The kobold is heavily wounded.
You feel sick. The adder barely misses you.
You hit the kobold.
You kill the kobold!
* * * LOW HITPOINT WARNING * * *
You feel sick. The adder bites you.
* * * LOW HITPOINT WARNING * * *
An adder comes into view.
You die...

...##.#.# ......#.# #.
...####.# .. ...# ##.
.##### ...# . ..$..
...#### # ...## ...##..
...# .. #####.#
#..##.... #.####+##
#@....... ##.#.....#
#.###S##. ####..'.....#
#S# ...#..#.....# #g#
......#.....# #S#
.#.#.#+.....# #.#
.#.#.##.....# #.# ##
.#.#.###..### #.# #...
...#.)(.....####.#....#


You could see 3 adders and a hobgoblin.

Vanquished Creatures
  2 endoplasms (D:1)
  A giant cockroach (D:1)
  4 goblins (D:1)
  A hobgoblin (D:1)
  A kobold (D:2)
  3 quokkas (D:1)
  8 bats
  A frilled lizard (D:1)
21 creatures vanquished.

Notes
Turn   | Place    | Note
-------+----------+-------------------------------------------
     0 | D:1      | styxcanada the Spriggan Brigand began the quest for the
                  | Orb.
     0 | D:1      | Reached XP level 1. HP: 10/10 MP: 2/2
    22 | D:1      | Reached skill level 6 in Stealth
   228 | D:1      | Reached XP level 2. HP: 8/14 MP: 3/3
  1146 | D:2      | Succumbed to an adder's poison

Illustrated notes

Levels and vault maps discovered:
D:1:      erik_arrival_orb_chamber, layout_basic, serial_forest,
          infiniplex_forest_clump_tiny, infiniplex_forest_clump_small,
          infiniplex_forest_clump_C, infiniplex_forest_zigzag_1,
          infiniplex_forest_clump_medium, infiniplex_forest_straight_4,
          infiniplex_forest_diagonal, infiniplex_forest_clump_large,
          infiniplex_forest_lined_corner, infiniplex_forest_clump_tiny,
          minmay_cupped
D:2:      layout_basic, basic_altar, shapermc_ecumenical_altar_petra,
          kennysheep_decorative_pillar, minmay_indecisive_spiral

Skill      XL: |  1 |
---------------+----+-----
Stealth        | 6 |  6.9
Dodging        | 2 |  2.3
Fighting       | |  1.5
Short Blades   | |  2.2
Throwing       | |  2.0

Action                   || total
-------------------------++-------
Melee: Dagger            ||    63
 Stab: Sleeping          ||    11
Armor: Robe              ||    12
Dodge: Dodged            ||    51
